 Dungeon Crawl Stone Soup version 0.23.0 (webtiles) character file.

Game seed: 5604041580551891017

4185 CanOfBees the Summoner (level 10, 0/60 HPs)
             Began as a Tengu Summoner on Feb 18, 2019.
             Was a Believer of Sif Muna.
             Slain by an unseen horror (10 damage)
             ... on level 10 of the Dungeon.
             The game lasted 00:38:55 (15061 turns).

CanOfBees the Summoner (Tengu Summoner)            Turns: 15061, Time: 00:38:56

Health: 0/60       AC:  8    Str:  9    XL:     10   Next: 29%
Magic:  14/20      EV: 16    Int: 18    God:    Sif Muna [**....]
Gold:   386        SH:  8    Dex: 15    Spells: 2/21 levels left

rFire    + . .     SeeInvis .   l - +2 dagger (elec)
rCold    . . .     Gourm    +   D - +3 buckler
rNeg     . . .     Faith    .   C - +2 ring mail {rF+}
rPois    .         Spirit   .   (helmet restricted)
rElec    .         Reflect  .   (no cloak)
rCorr    .         Harm     .   (no gloves)
MR       .....                  (boots unavailable)
Stlth    +.........             m - amulet of the gourmand
HPRegen  0.20/turn              z - +3 ring of evasion
MPRegen  0.17/turn              (no ring)

@: flying quickly and evasively, very slightly contaminated, quick
A: beak, talons 3, able to fly
a: Stop Flying, Divine Energy, Renounce Religion


You were on level 10 of the Dungeon.
You worshipped Sif Muna.
Sif Muna was pleased with you.
You were very full.

You visited 2 branches of the dungeon, and saw 12 of its levels.

You collected 657 gold pieces.
You spent 271 gold pieces at shops.

Inventory:

Hand Weapons
 l - a +2 dagger of electrocution (weapon)
 p - a +3 falchion
 L - a +3 trident
 N - a cursed -3 hunting sling
Missiles
 d - 445 stones
 f - 4 needles of frenzy
 h - 84 sling bullets
 k - 8 tomahawks (quivered)
 n - 8 poisoned javelins
 v - 23 poisoned needles
 A - 45 bolts
 E - a throwing net
 F - 144 arrows
 G - 13 curare-tipped needles
Armour
 a - a +2 robe
 C - a +2 ring mail of fire resistance (worn)
 D - a +3 buckler (worn)
 K - the +3 ring mail of Broken Taboos {rPois Regen+ MP-9 Str+8}
   (You found it on level 7 of the Dungeon)

   It affects your strength (+8).
   It protects you from poison.
   It affects your magic capacity (-9).
   It increases your rate of regeneration.
 M - a +1 robe of resistance
 P - a +0 robe of magic resistance
 T - the +0 leather armour of Ennoesit {rPois rC+ Str+3}
   (You found it on level 9 of the Dungeon)

   It affects your strength (+3).
   It protects you from cold.
   It protects you from poison.
Magical Staves
 Q - an uncursed staff of energy
Jewellery
 m - an amulet of the gourmand (around neck)
 z - a +3 ring of evasion (left hand)
Wands
 x - a wand of polymorph (16)
 y - a wand of clouds (10)
 O - a wand of flame (23)
 R - a wand of iceblast (4)
 S - a wand of digging (6)
Scrolls
 b - 3 scrolls of amnesia
 e - a scroll of magic mapping
 r - a scroll of teleportation
 s - 2 scrolls of noise
 t - a scroll of identify
 w - 5 scrolls of remove curse
 B - a scroll of blinking
 U - a scroll of enchant armour
 V - a scroll of fog {unknown}
 W - a scroll of immolation
Potions
 g - 2 potions of ambrosia
 i - a potion of cancellation
 j - 3 potions of curing
 o - 4 potions of mutation
 q - a potion of berserk rage
 u - 5 potions of flight
 H - 2 potions of brilliance
 I - a potion of lignification {unknown}
 J - a potion of heal wounds {unknown}
 X - a potion of invisibility {unknown}
Comestibles
 c - 25 rations


   Skills:
 + Level 6.2 Fighting
 + Level 4.8 Armour
 - Level 2.3 Dodging
 - Level 2.0 Stealth
 - Level 4.7 Shields
 + Level 6.1 Spellcasting
 - Level 8.0 Summonings
 - Level 3.0 Ice Magic
 - Level 6.1 Air Magic
 - Level 4.0 Invocations


You had 2 spell levels left.
You knew the following spells:

 Your Spells              Type           Power        Failure   Level  Hunger
a - Summon Small Mammal   Summ           ####         1%          1    None
b - Call Imp              Summ           ####....     1%          2    None
c - Call Canine Familiar  Summ           ####....     3%          3    ##.....
d - Summon Lightning Spi  Summ/Air       ####....     16%         4    ####...
e - Sticks to Snakes      Tmut           #.......     41%         2    None
f - Summon Ice Beast      Ice/Summ       ####....     30%         4    ####...
g - Mephitic Cloud        Conj/Pois/Air  ##......     36%         3    ##.....

Your spell library contained the following spells:

 Spells                   Type           Power        Failure   Level  Hunger
 Summon Butterflies       Summ           ####....     1%          1    None
 Apportation              Tloc           #.....       30%         1    None
 Beastly Appendage        Tmut           #.....       30%         1    None
 Summon Guardian Golem    Hex/Summ       ###.....     17%         3    ##.....
 Lesser Beckoning         Tloc           #.........   65%         3    ##.....
 Spider Form              Tmut/Pois      #.........   65%         3    ##.....
 Tukima's Dance           Hex            #.......     65%         3    ##.....
 Ice Form                 Ice/Tmut       ##......     85%         4    ####...
 Olgreb's Toxic Radiance  Pois           #.......     96%         4    ####...
 Alistair's Intoxication  Tmut/Pois      #.......     100%        5    #####..
 Blade Hands              Tmut           #.........   100%        5    #####..
 Venom Bolt               Conj/Pois      #.........   100%        5    #####..
 Invisibility             Hex            #.......     100%        6    #######


Dungeon Overview and Level Annotations

Branches:
Dungeon (11/15)            Temple (1/1) D:4             Orc (0/2) D:10
   Lair: D:8-11

Altars:
Ashenzari
Cheibriados
Dithmenos
Elyvilon
Fedhas
Gozag
Hepliaklqana
Kikubaaqudgha
Makhleb
Nemelex Xobeh
Okawaru
Qazlal
Ru
Sif Muna
Trog
Uskayaw
Vehumet
Wu Jian
Xom
Yredelemnul
Zin
The Shining One

Shops:
D:6 (   D:7 *   D:9 *[%?


Innate Abilities, Weirdness & Mutations

You have a beak for a mouth.
You have claws for feet.
You can fly continuously.


Message History

Casting: Call Imp (safe; 1% risk of failure)
Confirm with . or Enter, or press ? or * to list all spells.
Something hits you but does no damage. Something hits you.
* * * LOW HITPOINT WARNING * * *
The hippogriff bites your shadow imp. The hippogriff pecks your shadow imp.
The hippogriff claws your shadow imp.
Your shadow imp hits something.
Something completely misses you.
It was a potion of cancellation.
You feel magically purged.
Something hits you but does no damage. x2
The hippogriff bites your shadow imp. The hippogriff pecks your shadow imp.
The hippogriff barely misses your shadow imp.
Your shadow imp hits something.
Something hits you.
* * * LOW HITPOINT WARNING * * *
Blink to where?
Press: ? - help, Dir - move target cursor You are very lightly contaminated with residual magic.
As you read the scroll of blinking, it crumbles to dust.
Your hound bites something. x2
Something hits you!
You die...

.................##.#*,,,,,,*#...
.........#....#...#..##**,,,,#...
.........#.#..##......##.,**.#...
...h.......##..#........,.#....##
........#..............*%.#..***#
..###......$...*##...###...#.##*#
...#..###.....###.....$##.#*..#.#
..H...........#........#..##.....
#..5.ยง....h.....@....##..........
######..##....#.....###.....###..
*......####.....###...## #..
*#.....# ##..### ##...####.
####### #### ##...#.#. #..#....
##.#.... #....... ##.....#


You could see a friendly hound.

Vanquished Creatures
  Pikel (D:7)
  A hungry ghost (D:8)
  Menkaure (D:7)
  A sky beast (D:6)
  A swamp drake (D:4)
  2 orc warriors
  2 ogres
  A phantom (D:6)
  3 centaurs
  2 bullfrogs
  4 wights (D:7)
  3 crimson imps
  A quasit (D:8)
  3 hounds
  2 orc wizards
  An orc priest (D:9)
  3 hell rats (D:7)
  An iguana (D:4)
  3 worker ants
  2 gnolls (D:4)
  5 adders
  3 river rats (D:7)
  3 shadow imps
  An adder zombie (D:7)
  3 worms
  A dart slug (D:1)
  3 leopard geckos
  21 orcs
  2 ball pythons
  8 giant cockroaches
  6 goblins
  9 hobgoblins
  10 jackals
  5 quokkas
  6 bats
  2 frilled lizards
  3 kobolds
  15 rats
144 creatures vanquished.

Vanquished Creatures (collateral kills)
  A two-headed ogre (D:9)
  A hippogriff (D:9)
  A hungry ghost (D:9)
  4 hogs (D:9)
  A human (D:9)
  An orc warrior (D:8)
  4 ice beasts
  2 phantoms
  A sky beast (D:5)
  2 centaurs (D:7)
  A crocodile (D:8)
  A bullfrog (D:4)
  A scorpion (D:9)
  A centaur zombie (D:5)
  A bullfrog zombie (D:9)
  3 orc priests (D:9)
  A bullfrog skeleton (D:9)
  2 hounds (D:9)
  6 orc wizards
  3 iguanas
  2 worker ants
  A hell rat (D:7)
  2 gnolls (D:4)
  A river rat (D:7)
  10 adders
  An ooze (D:4)
  An adder zombie (D:8)
  5 dart slugs
  29 orcs
  A ball python (D:3)
  6 goblins
  A hobgoblin (D:1)
  8 jackals
  7 quokkas
  A frilled lizard (D:3)
  2 kobolds
  4 rats (D:7)
120 creatures vanquished.

Vanquished Creatures (others)
  An orc wizard (D:7)
  A worker ant (D:7)
  3 orcs (D:7)
5 creatures vanquished.

Grand Total: 269 creatures vanquished

Notes
Turn   | Place    | Note
-------+----------+-------------------------------------------
     0 | D:1      | CanOfBees the Tengu Summoner began the quest for the Orb.
     0 | D:1      | Reached XP level 1. HP: 10/10 MP: 4/4
   359 | D:1      | Reached skill level 5 in Summonings
   403 | D:1      | Reached XP level 2. HP: 14/16 MP: 3/6
   468 | D:1      | Learned a level 2 spell: Call Imp
  1296 | D:2      | Reached skill level 1 in Fighting
  1298 | D:2      | Reached XP level 3. HP: 11/20 MP: 3/7
  2081 | D:2      | Learned a level 3 spell: Call Canine Familiar
  2180 | D:2      | Reached XP level 4. HP: 25/25 MP: 3/9
  3091 | D:3      | Noticed a phantom
  3097 | D:3      | Killed a phantom
  3097 | D:3      | Gained mutation: You can fly continuously. [Tengu growth]
  3097 | D:3      | Reached XP level 5. HP: 29/30 MP: 7/11
  3191 | D:3      | Learned a level 4 spell: Summon Lightning Spire
  4092 | D:4      | Reached XP level 6. HP: 36/36 MP: 11/13
  4118 | D:4      | Reached skill level 6 in Summonings
  4388 | D:4      | Found a staircase to the Ecumenical Temple.
  4458 | Temple   | Entered the Ecumenical Temple
  4522 | Temple   | Became a worshipper of Sif Muna the Loreminder
  5047 | D:4      | Noticed Ijyb
  5053 | D:4      | Noticed Ijyb
  5053 | D:4      | Ijyb changed into Ijyb the swamp drake
  5056 | D:4      | Killed Ijyb the swamp drake
  5056 | D:4      | Reached skill level 1 in Air Magic
  5379 | D:4      | Reached XP level 7. HP: 32/41 MP: 9/15
  5751 | D:4      | Reached skill level 1 in Invocations
  5808 | D:5      | Entered Level 5 of the Dungeon
  6155 | D:5      | Learned a level 2 spell: Sticks to Snakes
  6203 | D:5      | Found an ancient bone altar of Kikubaaqudgha.
  6324 | D:5      | Reached skill level 1 in Shields
  7412 | D:6      | Reached * piety under Sif Muna
  7412 | D:6      | Reached skill level 5 in Spellcasting
  7545 | D:6      | Found a sacrificial altar of Ru.
  7548 | D:6      | Found a basalt altar of Yredelemnul.
  7548 | D:6      | Found a radiant altar of Vehumet.
  7563 | D:6      | Reached XP level 8. HP: 46/46 MP: 14/16
  7684 | D:6      | Found a burning altar of Makhleb.
  7790 | D:6      | Found Turopn's Antique Weapon Shop.
  7793 | D:6      | Bought a runed trident for 208 gold pieces
  8160 | D:6      | Reached skill level 7 in Summonings
  8295 | D:7      | Found an opulent altar of Gozag.
  8464 | D:7      | Found Esytatol's Elemental Accessories.
  8542 | D:7      | Found a bloodstained altar of Trog.
  8687 | D:7      | Noticed Pikel
  8721 | D:7      | Killed Pikel
  8978 | D:7      | Got a faintly glowing ring mail
  8979 | D:7      | Identified the +3 ring mail of Broken Taboos {rPois Regen+
                  | MP-9 Str+8} (You found it on level 7 of the Dungeon)
  8997 | D:7      | Noticed Menkaure
  9009 | D:7      | Killed Menkaure
  9009 | D:7      | Reached XP level 9. HP: 47/52 MP: 10/17
  9059 | D:7      | Reached skill level 5 in Air Magic
  9526 | D:7      | Reached skill level 1 in Armour
  9531 | D:7      | Reached skill level 8 in Summonings
  9874 | D:7      | Found a bloodstained altar of Trog.
  9874 | D:7      | Found a shimmering altar of Xom.
 11193 | D:8      | Learned a level 4 spell: Summon Ice Beast
 11320 | D:8      | Found a stormy altar of Qazlal.
 11360 | D:8      | Reached skill level 5 in Fighting
 11668 | D:8      | Noticed a two-headed ogre
 11804 | D:8      | Reached skill level 1 in Ice Magic
 11809 | D:8      | Identified the Incunabulum of Envenoming
 12241 | D:8      | Found a sparkling altar of Nemelex Xobeh.
 12594 | D:9      | Found a hazy altar of Hepliaklqana.
 12603 | D:9      | Found Lacryaro's Armour Emporium.
 12632 | D:9      | Identified the +0 leather armour of Ennoesit {rPois rC+
                  | Str+3} (You found it on level 9 of the Dungeon)
 12745 | D:9      | Found Pois's Assorted Antiques.
 12745 | D:9      | Noticed a two-headed ogre
 12772 | D:9      | Killed a two-headed ogre
 12772 | D:9      | Reached ** piety under Sif Muna
 12867 | D:9      | Reached XP level 10. HP: 51/60 MP: 7/19
 12950 | D:9      | Found Vabbitas's Food Shoppe.
 13455 | D:9      | Found an iron altar of Okawaru.
 13668 | D:9      | Learned a level 3 spell: Mephitic Cloud
 14205 | D:9      | Found Mosehy's Magic Scroll Shop.
 14251 | D:9      | Bought a scroll of immolation for 49 gold pieces
 14251 | D:9      | Bought a scroll of noise for 14 gold pieces
 14284 | D:9      | You are sucked into a shaft for 2 floors!
 14450 | D:10     | Entered Level 10 of the Dungeon
 14678 | D:10     | Found a staircase to the Orcish Mines.
 15061 | D:10     | Slain by an unseen horror

Skill      XL: |  1  2  3  4  5  6  7  8  9 10 |
---------------+-------------------------------+-----
Summonings     | 5 6 7 8 |  8.0
Fighting       | 1 2 3 5 6 |  6.2
Spellcasting   | 3 4 5 6 |  6.1
Air Magic      | 1 3 4 6 |  6.1
Invocations    | 2 3 4 |  4.0
Shields        | 2 4 |  4.7
Armour         | 4 |  4.8
Ice Magic      | 2 3 |  3.0
Dodging        | |  2.3
Stealth        | |  2.0

Action                   |  1- 3 |  4- 6 |  7- 9 | 10-12 || total
-------------------------+-------+-------+-------+-------++-------
Melee: Kick              |    12 |    17 |    72 |    15 ||   116
       Short sword       |     6 |       |       |       ||     6
       Unarmed           |     2 |       |       |       ||     2
       Peck              |     7 |    10 |    34 |    13 ||    64
       Dagger            |    53 |   106 |   102 |     3 ||   264
       Falchion          |       |       |    26 |       ||    26
       Trident           |       |       |   132 |    12 ||   144
       Staff             |       |       |    15 |    39 ||    54
Throw: Tomahawk          |     8 |     1 |    29 |    34 ||    72
 Cast: Summon Small Mamm |    15 |     5 |     1 |       ||    21
       Call Imp          |    16 |    19 |    44 |    15 ||    94
       Call Canine Famil |     2 |    13 |    39 |    11 ||    65
       Sticks to Snakes  |       |       |     5 |     4 ||     9
       Summon Lightning  |       |       |    16 |     8 ||    24
       Summon Ice Beast  |       |       |     1 |       ||     1
 Abil: Fly               |       |     1 |       |       ||     1
Evoke: Wand              |       |     1 |     2 |       ||     3
  Use: Scroll            |     1 |     9 |    11 |     4 ||    25
       Potion            |       |       |     1 |     2 ||     3
 Stab: Distracted        |     1 |     1 |     3 |     1 ||     6
       Sleeping          |     2 |     4 |     1 |       ||     7
  Eat: Chunk             |    17 |    12 |    34 |     6 ||    69
       Ration            |       |       |     1 |       ||     1
Armor: Robe              |    20 |    24 |    10 |       ||    54
       Ring mail         |       |       |    36 |    34 ||    70
Dodge: Dodged            |    60 |    94 |   151 |    64 ||   369
Block: Buckler           |       |       |   106 |    49 ||   155
       Rpst.: Falchion   |       |       |     1 |       ||     1
